 Dungeon Crawl Stone Soup version 0.28.0-45-g0d030f2227 (webtiles) character file.

Game seed: 7504949931711882221

312 Ablot the Cutter (level 6, 0/47 HPs)
             Began as a Gnoll Chaos Knight on Apr 20, 2022.
             Was a Plaything of Xom.
             Splashed by a jelly's acid (5 damage)
             ... on level 4 of the Dungeon.
             The game lasted 00:04:11 (3756 turns).

Ablot the Cutter (Gnoll Chaos Knight)               Turns: 3756, Time: 00:04:12

Health: 0/47       AC:  4    Str: 14    XL:     6   Next: 42%
Magic:  9/9        EV: 12    Int: 15    God:    Xom [....*.]
Gold:   145        SH:  0    Dex: 11    Spells: 9/9 levels left

rFire   + . .      SeeInvis +   a - +0 short sword (chaos)
rCold   . . .      Faith    .   (no shield)
rNeg    . . .      Spirit   .   b - +2 leather armour
rPois   .          Reflect  .   (no helmet)
rElec   .          Harm     .   (no cloak)
rCorr   .          Rampage  .   (no gloves)
Will    .....                   (no boots)
Stlth   +.........              s - amulet of Etwafroj {Acrobat rF+ Int+4 Stlth-}
HPRegen 0.15/turn               (no ring)
MPRegen 0.11/turn               (no ring)

@: unable to read
A: fangs 1, strong nose, distributed training, see invisible, deformed body,
frail 1, inability to read while threatened
a: Renounce Religion


You were on level 4 of the Dungeon.
You worshipped Xom.
You were a beloved toy of Xom.
You visited 1 branch of the dungeon, and saw 4 of its levels.

You collected 145 gold pieces.

Inventory:

Hand Weapons
 a - a +0 short sword of chaos (weapon)
Missiles
 e - 121 stones
 h - 10 javelins (quivered)
 i - 34 arrows
 k - 29 sling bullets
 o - 17 bolts
 r - 2 poisoned darts
Armour
 b - a +2 leather armour (worn)
Jewellery
 s - the amulet of Etwafroj (around neck) {Acrobat rF+ Int+4 Stlth-}
   (Xom gifted it to you on level 3 of the Dungeon)

   [amulet of the acrobat]

   It increases your evasion while moving and waiting.
   Int:       It affects your intelligence (+4).
   rF:        It protects you from fire.
   Stlth:     It makes you less stealthy.
Scrolls
 d - a scroll of enchant weapon {unknown}
 f - 3 scrolls of identify {unknown}
 g - 4 scrolls of teleportation {unknown}
 j - a scroll of fog {unknown}
 m - 2 scrolls of silence {unknown}
 p - a scroll of blinking {unknown}
Potions
 c - 3 potions of curing {unknown}
 l - 2 potions of haste {unknown}
 n - a potion of degeneration {unknown}
 q - 2 potions of heal wounds {unknown}


   Skills:
 + Level 6.8 Fighting
 + Level 6.8 Short Blades
 + Level 2.0 Long Blades
 + Level 2.0 Axes
 + Level 2.0 Maces & Flails
 + Level 2.0 Polearms
 + Level 2.0 Staves
 + Level 2.0 Slings
 + Level 2.0 Bows
 + Level 2.0 Crossbows
 + Level 2.0 Throwing
 + Level 5.0 Armour
 + Level 3.2 Dodging
 + Level 2.0 Stealth
 + Level 2.0 Shields
 + Level 2.0 Unarmed Combat
 + Level 2.0 Spellcasting
 + Level 1.5 Conjurations
 + Level 1.5 Hexes
 + Level 1.5 Summonings
 + Level 1.5 Necromancy
 + Level 1.5 Translocations
 + Level 1.5 Transmutations
 + Level 1.5 Fire Magic
 + Level 1.5 Ice Magic
 + Level 1.5 Air Magic
 + Level 1.5 Earth Magic
 + Level 1.5 Poison Magic
 + Level 2.1 Invocations
 + Level 2.0 Evocations


You had 9 spell levels left.
You didn't know any spells.
Your spell library contained the following spells:

 Spells                   Type           Power      Damage    Failure   Level
 Ensorcelled Hibernation  Hex/Ice        12%        N/A       22%         2
 Passwall                 Tmut/Erth      5%         N/A       22%         2
 Swiftness                Air            6%         N/A       41%         3


Dungeon Overview and Level Annotations

Branches:
Dungeon (4/15)
 Temple: D:4-7

Altars:
Ashenzari
Gozag
Kikubaaqudgha
Okawaru

Shops:
D:3 *


Innate Abilities, Weirdness & Mutations

You have very sharp teeth.
Your uncanny sense of smell can sniff out nearby items.
Your experience applies equally to all skills.
You have supernaturally acute eyesight. (SInv)
Armour fits poorly on your strangely shaped body.
You are frail. (-10% HP)
You sometimes lose the ability to read scrolls when taking damage.


Message History

Your Polearms skill increases to level 2!
Your Staves skill increases to level 2!
Your Slings skill increases to level 2!
Your Bows skill increases to level 2!
Your Crossbows skill increases to level 2!
Your Throwing skill increases to level 2!
Your Armour skill increases to level 5!
Your Stealth skill increases to level 2!
Your Shields skill increases to level 2!
Your Unarmed Combat skill increases to level 2!
Your Spellcasting skill increases to level 2!
Your Evocations skill increases to level 2!
Things that are here:
a +0 dagger; a +0 robe; an orc corpse You can read scrolls again.
You see here a +0 war axe.
Things that are here:
a +0 mace; a +0 trident; an orc corpse
There is a stone staircase leading up here.
You start resting.
Magic restored.
You start resting.
A jelly comes into view.
The jelly quivers.
Things that are here:
a +0 mace; a +0 trident; an orc corpse You hit the jelly but do no damage.
You drain the jelly.
Your hands burn!
You feel threatened and lose the ability to read scrolls!
* * * LOW HITPOINT WARNING * * *
You bite the jelly.
The jelly is lightly wounded.
The jelly hits you but does no damage.
You barely miss the jelly.
The jelly is lightly wounded.
The jelly hits you.
* * * LOW HITPOINT WARNING * * *
You are splashed with acid.
* * * LOW HITPOINT WARNING * * *
You hit the jelly. You burn the jelly.
Your hands burn!
You die...
Xom chortles!

..... ##.
..... ..
...... ∆..
.".... #
#.#####.....
#..
#.#..(....
##..#.....J#
...$....)@#
.......).<#
..#.<.#..##
#.. #..# ∆##
..#..
...#...
..........
.........##
..$......+


You could see a jelly (drained).

Vanquished Creatures
  An ogre (D:3)
  A centaur skeleton (D:3)
  An orc priest (D:4)
  An orc wizard (D:4)
  4 adders (D:3)
  An ufetubus (D:3)
  4 worms
  A dart slug (D:2)
  5 orcs
  5 endoplasms
  6 goblins
  10 hobgoblins
  4 jackals (D:3)
  A quokka (D:3)
  8 ball pythons
  6 bats
  3 frilled lizards (D:3)
  8 kobolds
  5 rats
75 creatures vanquished.

Vanquished Creatures (others)
  A goblin (D:3)
  A plant (D:3)
2 creatures vanquished.

Grand Total: 77 creatures vanquished

Notes
Turn   | Place    | Note
-------+----------+-------------------------------------------
     0 | D:1      | Ablot the Gnoll Chaos Knight began the quest for the Orb.
     0 | D:1      | Reached XP level 1. HP: 23/23 MP: 1/1
     6 | D:1      | Noticed a hog
     6 | D:1      | Noticed a redback
     6 | D:1      | Noticed a salamander
     7 | D:1      | Noticed a black bear
     7 | D:1      | Noticed a swamp worm
   365 | D:1      | Reached XP level 2. HP: 29/29 MP: 2/2
   818 | D:2      | Found a broken altar of Ashenzari.
   878 | D:2      | Reached XP level 3. HP: 34/35 MP: 3/3
   999 | D:2      | XOM: 9-stop teleportation journey
  1014 | D:2      | Reached skill level 1 in Invocations
  1093 | D:2      | XOM: give mutations
  1093 | D:2      | Gained mutation: Your mind is acute. (Int +2) [Xom's
                  | mischief]
  1093 | D:2      | Gained mutation: Potions are less effective at restoring
                  | your health. [Xom's mischief]
  1616 | D:3      | Reached skill level 1 in Long Blades
  1616 | D:3      | Reached skill level 1 in Axes
  1616 | D:3      | Reached skill level 1 in Maces & Flails
  1616 | D:3      | Reached skill level 1 in Polearms
  1616 | D:3      | Reached skill level 1 in Staves
  1616 | D:3      | Reached skill level 1 in Slings
  1616 | D:3      | Reached skill level 1 in Bows
  1616 | D:3      | Reached skill level 1 in Crossbows
  1616 | D:3      | Reached skill level 1 in Throwing
  1616 | D:3      | Reached skill level 1 in Stealth
  1616 | D:3      | Reached skill level 1 in Shields
  1616 | D:3      | Reached skill level 1 in Unarmed Combat
  1616 | D:3      | Reached skill level 1 in Spellcasting
  1616 | D:3      | Reached skill level 1 in Evocations
  1616 | D:3      | Reached XP level 4. HP: 41/41 MP: 5/5
  1690 | D:3      | XOM: scenery: summon butterflies
  2003 | D:3      | XOM: god gift: 18 arrows
  2008 | D:3      | Found an iron altar of Okawaru.
  2018 | D:3      | XOM: confusion (+ monsters)
  2036 | D:3      | Reached skill level 1 in Conjurations
  2036 | D:3      | Reached skill level 1 in Hexes
  2036 | D:3      | Reached skill level 1 in Summonings
  2036 | D:3      | Reached skill level 1 in Necromancy
  2036 | D:3      | Reached skill level 1 in Translocations
  2036 | D:3      | Reached skill level 1 in Transmutations
  2036 | D:3      | Reached skill level 1 in Fire Magic
  2036 | D:3      | Reached skill level 1 in Ice Magic
  2036 | D:3      | Reached skill level 1 in Air Magic
  2036 | D:3      | Reached skill level 1 in Earth Magic
  2036 | D:3      | Reached skill level 1 in Poison Magic
  2046 | D:3      | Reached XP level 5. HP: 33/47 MP: 6/6
  2335 | D:3      | Found an ancient bone altar of Kikubaaqudgha.
  2388 | D:3      | Found Gozag's Platinum Reserve.
  2389 | D:3      | Found an opulent altar of Gozag.
  2713 | D:3      | HP: 2/47 [poisoned by an adder]
  3088 | D:3      | Noticed an ogre
  3095 | D:3      | XOM: butterfly on damage
  3097 | D:3      | Killed an ogre
  3098 | D:3      | Reached XP level 6. HP: 10/53 MP: 8/8
  3111 | D:3      | XOM: polymorph butterfly -> kobold
  3166 | D:3      | XOM: give mutations
  3166 | D:3      | Lost mutation: Your mind is acute. (Int +2) [Xom's
                  | mischief]
  3166 | D:3      | Gained mutation: You have supernaturally acute eyesight.
                  | (SInv) [Xom's mischief]
  3173 | D:3      | XOM: god gift: 4 javelins
  3191 | D:3      | Identified the amulet of Etwafroj {Acrobat rF+ Int+4
                  | Stlth-} (Xom gifted it to you on level 3 of the Dungeon)
  3191 | D:3      | XOM: god gift: amulet of Etwafroj {Acrobat rF+ Int+4
                  | Stlth-}
  3464 | D:3      | XOM: give mutations
  3464 | D:3      | Lost mutation: Potions are less effective at restoring your
                  | health. [Xom's mischief]
  3464 | D:3      | Gained mutation: Armour fits poorly on your strangely
                  | shaped body. [Xom's mischief]
  3464 | D:3      | Gained mutation: You sometimes lose the ability to read
                  | scrolls when taking damage. [Xom's mischief]
  3464 | D:3      | Gained mutation: You are frail. (-10% HP) [Xom's mischief]
  3703 | D:4      | Reached skill level 5 in Armour
  3756 | D:4      | Splashed by a jelly's acid

Illustrated notes

Levels and vault maps discovered:
D:1:      onia_arrival_zoo_common, layout_basic
D:2:      layout_basic, basic_altar, chequers_serial_rivers_large_a
D:3:      minmay_razor_zed, layout_loops_ring, okawaru_gym_becter,
          nicolae_kikubaaqudgha_miasma_corner, nicolae_gozag_zags_fifth_avenue,
          serial_forest, infiniplex_forest_corner_2,
          infiniplex_forest_lined_corner, infiniplex_forest_lined_room_3,
          infiniplex_forest_diagonal, infiniplex_forest_straight_2,
          kennysheep_generic_room_15
D:4:      layout_cave_pools, mainiacjoe_overflow_six_doors_small,
          nicolae_overflow_crystal_walls, kennysheep_generic_room_10

Skill      XL: |  1  2  3  4  5  6 |
---------------+-------------------+-----
Invocations    | 1 2 |  2.1
Long Blades    | 1 2 |  2.0
Axes           | 1 2 |  2.0
Maces & Flails | 1 2 |  2.0
Polearms       | 1 2 |  2.0
Staves         | 1 2 |  2.0
Slings         | 1 2 |  2.0
Bows           | 1 2 |  2.0
Crossbows      | 1 2 |  2.0
Throwing       | 1 2 |  2.0
Stealth        | 1 2 |  2.0
Shields        | 1 2 |  2.0
Unarmed Combat | 1 2 |  2.0
Spellcasting   | 1 2 |  2.0
Evocations     | 1 2 |  2.0
Conjurations   | 1 |  1.5
Hexes          | 1 |  1.5
Summonings     | 1 |  1.5
Necromancy     | 1 |  1.5
Translocations | 1 |  1.5
Transmutations | 1 |  1.5
Fire Magic     | 1 |  1.5
Ice Magic      | 1 |  1.5
Air Magic      | 1 |  1.5
Earth Magic    | 1 |  1.5
Poison Magic   | 1 |  1.5
Dodging        | 3 |  3.2
Armour         | 5 |  5.0
Fighting       | |  6.8
Short Blades   | |  6.8

Action                   |  1- 3 |  4- 6 || total
-------------------------+-------+-------++-------
Melee: Short sword       |    91 |   172 ||   263
       Bite              |     9 |    13 ||    22
       Punch             |     1 |     5 ||     6
Throw: Dart              |       |     2 ||     2
       Javelin           |       |     2 ||     2
 Stab: Sleeping          |     1 |     4 ||     5
       Paralysed         |       |     2 ||     2
       Confused          |       |     1 ||     1
Armor: Leather armour    |    39 |    51 ||    90
Dodge: Dodged            |    79 |    89 ||   168
